 Dungeon Crawl Stone Soup version 0.26.0-10-g1f06aea511 (webtiles) character file.

Game seed: 14202251297361520731

6859 MajorAdolf the Fighter (level 11, -1/101 (104) HPs)
             Began as a Naga Wanderer on Jan 16, 2021.
             Was an Initiate of Gozag.
             Slain by a five-headed hydra (16 damage)
             ... on level 12 of the Dungeon.
             The game lasted 00:25:01 (17636 turns).

MajorAdolf the Fighter (Naga Wanderer)             Turns: 17636, Time: 00:25:02

HP:   -1/101 (104)  AC: -5    Str: 15 (16) XL:     11   Next: 6%
MP:   0/20          EV:  8    Int: 16      God:    Gozag
Gold: 958           SH:  3    Dex:  8 (9)  Spells: 7/22 levels left

rFire    + . .     SeeInvis +   t - +4 dagger (elec)
rCold    . . .     Faith    .   l - +0 buckler
rNeg     . . .     Spirit   +   h - +3 ring mail
rPois    +         Reflect  .   (no helmet)
rElec    .         Harm     .   (no cloak)
rCorr    .         Rampage  .   E - +0 pair of gloves
Will     +....     Rnd*Tele +   (no barding)
Stlth    ..........             p - amulet of guardian spirit
HPRegen  0.26/turn              S - ring of teleportation
MPRegen  0.17/turn              (no ring)

@: corroded, gold aura, lightly drained, very slow
A: large, see invisible, deformed body, deterioration 1, fire resistance 1,
poison resistance, slowness 2, spit poison 1, AC +3
a: Spit Poison, Renounce Religion, Potion Petition, Call Merchant, Bribe Branch


You were on level 12 of the Dungeon.
You worshipped Gozag.
Gozag was pleased with you.
You visited 1 branch of the dungeon, and saw 12 of its levels.
You also visited: Sewer.

You collected 2301 gold pieces.
You spent 602 gold pieces at shops.
You paid 741 gold pieces to Gozag.

Inventory:

Hand Weapons
 t - a +4 dagger of electrocution (weapon)
 Q - a +0 hand axe of holy wrath
Armour
 h - a +3 ring mail (worn)
 l - a +0 buckler (worn)
 E - a +0 pair of gloves (worn)
Magical Staves
 N - an uncursed staff of air
Jewellery
 p - an amulet of guardian spirit (around neck)
 y - an uncursed amulet of magic regeneration
 S - a ring of teleportation (left hand)
Wands
 d - a wand of enslavement (6) (quivered)
 o - a wand of random effects (45)
 A - a wand of polymorph (2)
 D - a wand of acid (13)
 G - a wand of flame (22)
 K - a wand of iceblast (5)
 L - a wand of paralysis (2)
 R - a wand of disintegration (1)
Scrolls
 f - a scroll of blinking
 w - 4 scrolls of magic mapping
 B - a scroll of fog
 F - 6 scrolls of remove curse
Potions
 c - 2 potions of brilliance
 e - 3 potions of heal wounds
 i - a potion of resistance
 q - 4 potions of might
 r - 11 potions of curing
 s - 4 potions of flight {unknown}
 x - 3 potions of attraction {unknown}
 C - 2 potions of haste {unknown}
 J - 2 potions of lignification {unknown}
 O - 2 potions of degeneration {unknown}


   Skills:
 - Level 8.7 Fighting
 - Level 1.5 Armour
 - Level 2.4 Shields
 + Level 6.4 Spellcasting
 - Level 5.0 Summonings
 + Level 1.0 Necromancy
 - Level 2.0 Translocations
 - Level 8.0 Transmutations
 * Level 6.2 Ice Magic
 - Level 4.0 Earth Magic
 - Level 2.0 Evocations


You had 7 spell levels left.
You knew the following spells:

 Your Spells              Type           Power        Failure   Level
a - Wereblood             Tmut           30%          1%          2
b - Passwall              Tmut/Erth      20%          3%          2
c - Ozocubu's Armour      Ice            25%          6%          3
d - Summon Ice Beast      Ice/Summ       23%          26%         4
e - Blink                 Tloc           N/A          17%         2
f - Corpse Rot            Necr/Air       N/A          30%         2

Your spell library contained the following spells:

 Spells                   Type           Power        Failure   Level
 Freeze                   Ice            100%         1%          1
 Call Imp                 Summ           21%          4%          2
 Frozen Ramparts          Ice            50%          6%          3
 Magic Dart               Conj           20%          26%         1
 Stone Arrow              Conj/Erth      22%          32%         3
 Slow                     Hex            5%           36%         2
 Hailstorm                Conj/Ice       15%          56%         4
 Conjure Flame            Conj/Fire      5%           58%         3
 Mephitic Cloud           Conj/Pois/Air  5%           58%         3
 Hydra Form               Tmut           15%          82%         6
 Summon Forest            Summ/Tloc      8%           86%         5
 Eringya's Noxious Bog    Tmut/Pois      8%           100%        6
 Summon Hydra             Summ           10%          100%        7


Dungeon Overview and Level Annotations

Branches:
Dungeon (12/15)            Temple (0/1) D:7            Lair (0/6) D:10
    Orc (0/2) D:11          Sewer (visited)

Altars:
Ashenzari
Cheibriados
Elyvilon
Gozag
Nemelex Xobeh
Okawaru
Qazlal
Ru
Sif Muna
Zin
The Shining One

Shops:
D:7 :   D:9 ?   D:12 !


Innate Abilities, Weirdness & Mutations

You cannot wear boots.
Your serpentine skin is tough. (AC +3)
You have supernaturally acute eyesight. (SInv)
Armour fits poorly on your strangely shaped body.
Your system is resistant to poisons. (rPois)
You cover ground very slowly.
You can spit poison.
Your body sometimes deteriorates upon taking damage.
Your flesh is heat resistant. (rF+)


Message History

The five-headed hydra bites you.
* * * LOW HITPOINT WARNING * * *
The five-headed hydra completely misses you.
The five-headed hydra closely misses you.
Unknown command.
Evoke which item? (* to show all) (? for menu, Esc to quit)
Aiming: Corrosive Bolt
Press: ? - help, Shift-Dir - straight line, f - five-headed hydra
Aim: a five-headed hydra (heavily wounded, covered in acid, 10% to evade)
The bolt of acid hits the five-headed hydra!
The five-headed hydra is splashed with acid.
The five-headed hydra seems to be corroded for longer.
The five-headed hydra is severely wounded.
The bolt of acid hits the wraith!
The wraith is splashed with acid.
The wraith is almost destroyed.
The five-headed hydra bites you.
* * * LOW HITPOINT WARNING * * *
The five-headed hydra bites you!!
You die...
Your body crumbles into a pile of gold.

. . . . . .
###############
J####
#..@DW.$......#
J.J.#
#.#####.#####.
J##.# # #.# .
.. #.......# #
## #...#.##.#
.⌠W.....# #
∩.... ...
$⌠..[.... $
.... ....


You could see a five-headed hydra (corroded) and a wraith (corroded).

Vanquished Creatures
  A two-headed ogre (D:11)
  An unseen horror (D:11)
  An ugly thing (D:11)
  A cyclops (D:11)
  A water nymph (D:6)
  A soldier ant (D:11)
  A black bear (D:11)
  6 orc warriors
  2 ice beasts
  3 phantoms
  2 sky beasts
  5 ogres
  4 centaurs
  3 big kobolds
  6 bullfrogs
  A scorpion (D:10)
  3 wights (D:12)
  2 electric eels (D:11)
  2 bullfrog zombies
  A quasit (D:6)
  3 jellies
  A bullfrog skeleton (D:11)
  A gnoll shaman (D:6)
  2 hounds
  9 orc priests
  11 orc wizards
  Ijyb (D:3)
  2 iguanas (D:6)
  6 worker ants
  2 killer bee zombies (D:6)
  A mummy (D:6)
  2 hound skeletons
  A worker ant zombie (D:6)
  9 gnolls
  16 adders
  A river rat (D:6)
  A shadow imp (D:6)
  2 white imps
  3 adder skeletons
  5 worms
  3 dart slugs
  7 leopard geckos
  38 orcs
  6 ball pythons
  12 giant cockroaches
  4 hobgoblins
  16 jackals
  6 quokkas
  9 bats
  6 frilled lizards
  4 goblins
  A hobgoblin zombie (D:6)
  A jackal skeleton (D:4)
  28 kobolds
  A kobold zombie (D:6)
  A leopard gecko skeleton (D:5)
  2 orc zombies (D:6)
  A quokka skeleton (D:5)
  11 rats
283 creatures vanquished.

Vanquished Creatures (collateral kills)
  2 gnolls (D:2)
  3 orcs (D:3)
  A rat (D:1)
6 creatures vanquished.

Vanquished Creatures (others)
  5 plants (D:10)
5 creatures vanquished.

Grand Total: 294 creatures vanquished

Notes
Turn   | Place    | Note
-------+----------+-------------------------------------------
     0 | D:1      | MajorAdolf the Naga Wanderer began the quest for the Orb.
     0 | D:1      | MajorAdolf set off with the following items: a +0 club, a
                  | +0 ring mail, a wand of enslavement (15); and the following
                  | spells available to memorise: Passwall, Wereblood
     0 | D:1      | Reached XP level 1. HP: 18/18 MP: 4/4
   606 | D:1      | Reached XP level 2. HP: 24/26 MP: 6/6
  1336 | D:1      | Reached XP level 3. HP: 25/33 MP: 7/7
  1753 | D:1      | Learned a level 2 spell: Wereblood
  2389 | D:2      | Found a shimmering blue altar of Sif Muna.
  2505 | D:2      | Reached XP level 4. HP: 38/42 MP: 8/8
  2514 | D:2      | Reached skill level 1 in Transmutations
  3132 | D:2      | Found a glowing silver altar of Zin.
  3134 | D:2      | Found an opulent altar of Gozag.
  3250 | D:2      | Became a worshipper of Gozag Ym Sagoz the Greedy
  3450 | D:3      | Noticed Ijyb
  3458 | D:3      | Killed Ijyb
  3459 | D:3      | Reached skill level 1 in Shields
  3459 | D:3      | Reached XP level 5. HP: 50/50 MP: 9/9
  4163 | D:3      | Learned a level 2 spell: Passwall
  4775 | D:3      | Reached XP level 6. HP: 26/57 MP: 10/10
  5466 | D:4      | Found a white marble altar of Elyvilon.
  6177 | D:4      | Found a sparkling altar of Nemelex Xobeh.
  6177 | D:4      | Found a snail-covered altar of Cheibriados.
  6178 | D:4      | Found a stormy altar of Qazlal.
  6256 | D:5      | Entered Level 5 of the Dungeon
  6329 | D:5      | Found an iron altar of Okawaru.
  6442 | D:5      | Reached skill level 5 in Fighting
  6442 | D:5      | Reached XP level 7. HP: 49/67 MP: 11/11
  7712 | D:6      | Gained mutation: Your body sometimes deteriorates upon
                  | taking damage. [potion of mutation]
  7712 | D:6      | Gained mutation: Your flesh is heat resistant. (rF+)
                  | [potion of mutation]
  7881 | D:6      | Found a glowing drain.
  7935 | Sewer    | Entered a sewer
  8401 | Sewer    | Reached skill level 5 in Transmutations
  8401 | Sewer    | Reached XP level 8. HP: 57/76 MP: 7/12
  8692 | D:6      | Noticed a two-headed ogre
  8694 | D:6      | Noticed a water nymph
  8694 | D:6      | a two-headed ogre changed into a water nymph
  8698 | D:6      | Killed a water nymph
  9571 | D:6      | Reached XP level 9. HP: 88/88 MP: 13/13
 10972 | D:7      | Bought a book of Frost for 490 gold pieces
 10976 | D:7      | Learned a level 3 spell: Ozocubu's Armour
 11056 | D:7      | Found a staircase to the Ecumenical Temple.
 11095 | D:7      | Found a sacrificial altar of Ru.
 11808 | D:8      | Reached skill level 1 in Ice Magic
 12039 | D:8      | Reached skill level 1 in Earth Magic
 12215 | D:8      | Found a broken altar of Ashenzari.
 12512 | D:8      | Learned a level 4 spell: Summon Ice Beast
 12768 | D:9      | Reached skill level 1 in Summonings
 12807 | D:9      | Found a glowing golden altar of the Shining One.
 12869 | D:9      | Found Wafanto's Magic Scroll Boutique.
 12873 | D:9      | Learned a level 2 spell: Blink
 12878 | D:9      | Bought a scroll of blinking for 112 gold pieces
 13623 | D:10     | Entered Level 10 of the Dungeon
 13640 | D:10     | Found a staircase to the Lair.
 13825 | D:10     | Reached XP level 10. HP: 81/98 MP: 12/16
 13975 | D:10     | Noticed a two-headed ogre
 13979 | D:10     | Noticed an anaconda
 13979 | D:10     | a two-headed ogre changed into an anaconda
 14161 | D:11     | Noticed a two-headed ogre
 14418 | D:11     | Noticed an unseen horror
 14457 | D:11     | Killed an unseen horror
 14825 | D:11     | Noticed a brown ugly thing
 15036 | D:11     | Noticed a cyclops
 15044 | D:11     | Killed a cyclops
 15045 | D:11     | Reached skill level 5 in Spellcasting
 15451 | D:11     | Killed a brown ugly thing
 15452 | D:11     | Reached skill level 5 in Ice Magic
 15454 | D:11     | Killed a two-headed ogre
 15455 | D:11     | Reached skill level 5 in Summonings
 16035 | D:11     | You fall into a shaft and drop 1 floor!
 16322 | D:11     | Identified the +4 flail of Puoseddy {venom, *Drain +Blink
                  | rC+ Int+4}
 16642 | D:11     | Reached XP level 11. HP: 100/104 MP: 20/20
 16667 | D:11     | Found a staircase to the Orcish Mines.
 16883 | D:11     | Identified a scroll of acquirement
 16883 | D:11     | Acquired a Fen Folio
 16888 | D:11     | Learned a level 2 spell: Corpse Rot
 17439 | D:12     | Reached skill level 1 in Necromancy
 17613 | D:12     | Noticed a brown ugly thing
 17628 | D:12     | Found Qolegahu's Distillery.
 17629 | D:12     | Noticed a five-headed hydra
 17636 | D:12     | Slain by a five-headed hydra

Illustrated notes

Levels and vault maps discovered:
D:1:      nicolae_arrival_somewhat_less_tricky_arrival, layout_basic,
          st_stairs_12, minivault_23
D:2:      layout_loops_ring, grunt_temple_overflow_gold_and_silver,
          lemuel_round_altar, minmay_cut_off
D:3:      minmay_chambers_of_threes, layout_basic, uniq_ijyb
D:4:      layout_basic, elyvilon_altar_4, gammafunk_temple_overflow_claw
D:5:      layout_loops_corners, okawaru_gym_becter
D:6:      minmay_spotlight, layout_basic, portal_sewer_entry_a,
          minmay_mini_ossuary
D:7:      layout_rooms, general_overflow_altar,
          minmay_temple_entry_glassed_door, lemuel_flamethrower_1
D:8:      layout_loops_ring, kennysheep_little_box, grunt_ministairs_15,
          minmay_orc_keep
D:9:      layout_long_grid, serial_shops, shop, basic_altar
D:10:     layout_loops_ring, dpeg_oklobed_lair, minivault_20
D:11:     statuecave_lemuel, layout_long_grid, orc_0_dummy
D:12:     minmay_mutant_horseshoe, layout_loops_cross, serial_shops,
          shop_fountains, uniq_nergalle, uniq_rupert

Skill      XL: |  1  2  3  4  5  6  7  8  9 10 11 |
---------------+----------------------------------+-----
Fighting       | 2 3 4 5 6 7 8 |  8.7
Transmutations | 1 2 3 5 6 8 |  8.0
Shields        | 1 2 |  2.4
Ice Magic      | 3 5 6 |  6.2
Earth Magic    | 2 4 |  4.0
Summonings     | 2 5 |  5.0
Spellcasting   | 4 6 |  6.4
Necromancy     | 1 |  1.0
Armour         | |  1.5
Translocations | |  2.0
Evocations     | |  2.0

Action                   |  1- 3 |  4- 6 |  7- 9 | 10-12 || total
-------------------------+-------+-------+-------+-------++-------
Melee: Whip              |   118 |   149 |       |       ||   267
       Club              |     7 |       |       |       ||     7
       Dagger            |       |    79 |   551 |   206 ||   836
 Cast: Wereblood         |       |     1 |       |       ||     1
       Passwall          |       |       |     1 |       ||     1
       Ozocubu's Armour  |       |       |       |     1 ||     1
Invok: Call Merchant     |       |       |     1 |       ||     1
 Abil: Spit Poison       |    11 |     5 |    15 |    15 ||    46
Evoke: Wand              |     4 |     3 |     5 |    30 ||    42
  Use: Scroll            |       |       |     9 |    22 ||    31
       Potion            |       |       |     1 |     4 ||     5
 Stab: Distracted        |       |     2 |     1 |       ||     3
Armor: Ring mail         |    63 |   114 |   230 |   138 ||   545
Dodge: Dodged            |    48 |    82 |   212 |   105 ||   447
Block: Buckler           |     3 |    26 |    74 |    39 ||   142
